 Dungeon Crawl Stone Soup version 0.30-a0-304-gdc4b735fe1 (webtiles) character file.

Game seed: 317826118179168137

84 Caerun the Ogre Mage (level 4, -4/40 HPs)
             Began as an Ogre Hedge Wizard on Oct 20, 2022.
             Slain by Terence
             ... wielding a +0 hand axe
              (7 damage)
             ... on level 3 of the Dungeon.
             The game lasted 00:02:56 (2736 turns).

Caerun the Ogre Mage (Ogre Hedge Wizard)            Turns: 2736, Time: 00:02:57

Health: -4/40      AC:  5    Str: 14    XL:     4   Next: 46%
Magic:  0/10       EV:  9    Int: 17    God:
Gold:   115        SH:  0    Dex:  8    Spells: 11/12 levels left

rFire   . . .      SeeInvis .    a - +0 dagger
rCold   . . .      Faith    .    (no shield)
rNeg    . . .      Spirit   .    b - +0 robe
rPois   .          Reflect  .    e - +2 hat
rElec   .          Harm     .    (no cloak)
rCorr   .          Rampage  .    (gloves unavailable)
Will    .....                    (boots unavailable)
Stlth   +.........               (no amulet)
HPRegen 0.26/turn                (no ring)
MPRegen 0.12/turn                (no ring)

@: no status effects
A: large, unfitting armour, tough skin 1
a: no special abilities


You were on level 3 of the Dungeon.
You visited 1 branch of the dungeon, and saw 3 of its levels.

You collected 115 gold pieces.

Inventory:

Hand Weapons
 a - a +0 dagger (weapon)
Armour
 b - a +0 robe (worn)
 c - a +0 hat
 e - a +2 hat (worn)
Scrolls
 f - a scroll of noise {unknown}
 h - 2 scrolls of identify {unknown}
 i - a scroll of enchant weapon {unknown}
 j - a scroll of immolation {unknown}
 k - a scroll of butterflies {unknown}
 l - a scroll of poison {unknown}
 n - a scroll of acquirement {unknown}
 o - a scroll of teleportation {unknown}
 q - a scroll of blinking {unknown}
Potions
 d - a potion of magic
 g - a potion of brilliance {unknown}
 m - a potion of berserk rage {unknown}
 p - a potion of haste {unknown}


   Skills:
 + Level 0.5 Fighting
 + Level 0.5 Short Blades
 + Level 2.1 Dodging
 + Level 1.5 Stealth
 + Level 4.6 Spellcasting
 + Level 2.2 Conjurations
 + Level 0.8 Summonings
 + Level 0.8 Translocations


You had 11 spell levels left.
You knew the following spells:

 Your Spells              Type           Power      Damage    Failure   Level
a - Magic Dart            Conj           44%        1d5       6%          1

Your spell library contained the following spells:

 Spells                   Type           Power      Damage    Failure   Level
 Slow                     Hex            12%        N/A       16%         1
 Blink                    Tloc           12%        N/A       16%         2
 Call Imp                 Summ           6%         N/A       16%         2
 Cigotuvi's Dreadful Rot  Necr/Pois/Air  6%         N/A       22%         2
 Mephitic Cloud           Conj/Pois/Air  6%         N/A       32%         3


Dungeon Overview and Level Annotations

Branches:
Dungeon (3/15)

Altars:
Gozag

Shops:
D:2 :

Annotations:
D:3 Terence


Innate Abilities, Weirdness & Mutations

You are too large for most types of armour.
You have tough skin. (AC +1)


Message History

* * * LOW HITPOINT WARNING * * *
Okay, then.
You barely miss Terence.
Terence is almost dead.
Terence barely misses you.
You hit Terence but do no damage.
Terence is almost dead.
Terence hits you with a +0 hand axe.
* * * LOW HITPOINT WARNING * * *
You closely miss Terence.
Terence is almost dead.
Terence closely misses you.
You hit Terence but do no damage.
Terence is almost dead.
Terence hits you but does no damage.
You hit Terence but do no damage.
Terence is almost dead.
Terence hits you but does no damage.
You barely miss Terence.
Terence is almost dead.
Terence barely misses you.
You hit Terence but do no damage.
Terence is almost dead.
Terence barely misses you.
You hit Terence but do no damage.
Terence is almost dead.
Terence hits you with a +0 hand axe.
* * * LOW HITPOINT WARNING * * *
You hit Terence but do no damage.
Terence is almost dead.
Terence hits you but does no damage.
Casting: Magic Dart (safe; 6% risk of failure)
Confirm with . or Enter, or press ? or * to list all spells.
Aiming: Magic Dart (safe; 6% risk of failure)
Press: ? - help, Shift-Dir - straight line, f/p - Terence
Aim: Terence, wielding a +0 hand axe and wearing a +1 scale mail of cold resistance (almost dead, 100% to hit)
The magic dart hits Terence.
Terence is almost dead.
Terence hits you with a +0 hand axe!
You die...

.#.##.#..........#
.#.##.#.####.##..#
.#.##........##..#
.#.##.#.........##
..^##.#.#########
.####.#.########## #
........†........# ##...
.####......####.##......
.# ###.#### #.@@......
.# #.# ###...#### .# ###
#### .# ##


You could see Terence.

Vanquished Creatures
  3 adders
  4 dart slugs
  3 ball pythons
  3 bats
  7 endoplasms
  2 giant cockroaches
  3 goblins
  5 hobgoblins
  3 jackals (D:1)
  A quokka (D:1)
  4 frilled lizards (D:1)
  7 kobolds
  3 rats
48 creatures vanquished.

Notes
Turn   | Place    | Note
-------+----------+-------------------------------------------
     0 | D:1      | Caerun the Ogre Hedge Wizard began the quest for the Orb.
     0 | D:1      | Reached XP level 1. HP: 16/16 MP: 5/5
   130 | D:1      | Reached skill level 4 in Spellcasting
   193 | D:1      | Reached skill level 1 in Conjurations
   193 | D:1      | Reached XP level 2. HP: 23/24 MP: 0/7
   846 | D:1      | Reached XP level 3. HP: 21/31 MP: 1/8
  1327 | D:2      | Identified the +6 short sword "Miogoo Ynidd" {vorpal, *Slow
                  | Str+3 Int+5}
  1459 | D:2      | Found a faded altar of an unknown god.
  1787 | D:2      | Reached XP level 4. HP: 40/40 MP: 3/10
  2197 | D:2      | Found Kailofos's Book Shop.
  2530 | D:3      | Found an opulent altar of Gozag.
  2697 | D:3      | Noticed Terence
  2736 | D:3      | Slain by Terence

Illustrated notes

Levels and vault maps discovered:
D:1:      dpeg_arrival_simpleton_c, layout_loops_ring
D:2:      layout_loops_ring, serial_shops, shop,
          ebering_ecumenical_altar_abandoned
D:3:      layout_basic, mainiacjoe_overflow_alcove_2, serial_curves,
          eino_curves_04, eino_curves_04, chequers_mini_garden, uniq_terence

Skill      XL: |  1  2  3 |
---------------+----------+-----
Spellcasting   | 4 |  4.6
Conjurations   | 1 2 |  2.2
Dodging        | 2 |  2.1
Fighting       | |  0.5
Short Blades   | |  0.5
Stealth        | |  1.5
Summonings     | |  0.8
Translocations | |  0.8

Action                   |  1- 3 |  4- 6 || total
-------------------------+-------+-------++-------
Melee: Dagger            |    63 |    25 ||    88
       Punch             |     1 |       ||     1
 Cast: Magic Dart        |    89 |    47 ||   136
Armor: Robe              |    34 |    11 ||    45
Dodge: Dodged            |    41 |    19 ||    60

Table legend: (Time is in decaauts)
 A = Elapsed time spent in this place.
 B = Non-inter-level travel time spent in this place.
 C = Inter-level travel time spent in this place.
 D = Time resting spent in this place.
 E = Time spent auto-exploring this place.
 F = Levels seen in this place.
 G = Mean time per level.
                   A        B        C        D        E       F      G
               +--------+--------+--------+--------+--------+-----+--------+
         Total |   2734 |   2658 |     76 |      0 |   2306 |   3 |  911.3 |
       Dungeon |   2734 |   2658 |     76 |      0 |   2306 |   3 |  911.3 |
               +--------+--------+--------+--------+--------+-----+--------+

Top non-repeatable levels by time:
     D:1: 1252 daAuts
     D:2: 1207 daAuts
     D:3: 275 daAuts
